 Dungeon Crawl Stone Soup version 0.32-a0-918-g0f22ef8d61 (webtiles) character file.

Game seed: 13897043501982266533

16 mawlarkey the Covered (level 2, 23/23 HPs)
             Began as a Gnoll Wanderer on Feb 22, 2024.
             Quit the game on level 1 of the Dungeon on Apr 10, 2024.
             The game lasted 00:05:26 (477 turns).

mawlarkey the Covered (Gnoll Wanderer)               Turns: 477, Time: 00:05:26

Health: 23/23      AC:  7    Str: 14    XL:     2   Next: 58%
Magic:  5/5        EV:  9    Int: 10    God:
Gold:   43         SH:  0    Dex:  9    Spells: 5/6 levels left

rFire   . . .        a - +2 falchion
rCold   . . .        (no shield)
rNeg    . . .        b - +0 scale mail
rPois   .            (no helmet)
rElec   .            (no cloak)
rCorr   .            (no gloves)
SInv    .            (no boots)
Will    .....        (no amulet) Stlth
                     (no ring)
HPRegen 0.23/turn    (no ring)
MPRegen 0.09/turn

%: no passive effects
@: no status effects
A: fangs 1, strong nose, distributed training
a: no special abilities


You were on level 1 of the Dungeon.
You visited 1 branch of the dungeon, and saw 1 of its levels.

You collected 43 gold pieces.

Inventory:

Hand Weapons
 a - a +2 falchion (weapon)
Missiles
 g - 9 stones (quivered)
Armour
 b - a +0 scale mail (worn)
Scrolls
 c - a scroll of fog
 d - a scroll of enchant weapon {unknown}
 e - a scroll of immolation {unknown}
 f - 3 scrolls of identify {unknown}
 h - a scroll of revelation {unknown}
Potions
 i - a potion of berserk rage {unknown}


   Skills:
 + Level 2.5 Fighting
 + Level 0.5 Short Blades
 + Level 6.5 Long Blades
 + Level 0.5 Axes
 + Level 0.5 Maces & Flails
 + Level 0.5 Polearms
 + Level 0.5 Staves
 + Level 0.5 Ranged Weapons
 + Level 0.5 Throwing
 + Level 6.5 Armour
 + Level 4.5 Dodging
 + Level 0.5 Stealth
 + Level 0.5 Shields
 + Level 0.5 Unarmed Combat
 + Level 2.7 Spellcasting
 + Level 0.3 Conjurations
 + Level 0.3 Hexes
 + Level 0.3 Summonings
 + Level 0.3 Necromancy
 + Level 0.3 Translocations
 + Level 0.3 Fire Magic
 + Level 0.3 Ice Magic
 + Level 0.3 Air Magic
 + Level 0.3 Earth Magic
 + Level 0.3 Alchemy
 + Level 0.6 Invocations
 + Level 0.5 Evocations
 + Level 0.4 Shapeshifting


You had 5 spell levels left.
You knew the following spells:

 Your Spells              Type           Power      Damage    Failure   Level
a - Shock                 Conj/Air       8%         1d3       67%         1

Your spell library contained the following spells:

 Spells                   Type           Power      Damage    Failure   Level
 Swiftness                Air            2%         N/A       95%         3
 Airstrike                Air            1%         2d(1-17)  100%        4


Dungeon Overview and Level Annotations

Branches:
Dungeon (1/15) Zot: 5523

Altars:


Innate Abilities, Weirdness & Mutations

You have very sharp teeth.
Your uncanny sense of smell can sniff out nearby items.
Your experience applies equally to all skills.


Message History

The bat hits you but does no damage. The bat hits you but does no damage.
Welcome back, mawlarkey the Gnoll Wanderer.
Press ? for a list of commands and other information.
You miss the bat. Your bite misses the bat.
The bat hits you but does no damage. The bat hits you but does no damage.
The bat barely misses you. The bat barely misses you.
The bat barely misses you. The bat hits you but does no damage.
You miss the bat. The bat hits you but does no damage.
The bat barely misses you. The bat barely misses you. The bat misses you.
The bat closely misses you. The bat barely misses you.
The bat barely misses you.
You closely miss the bat. The bat hits you but does no damage.
The bat closely misses you.
You closely miss the bat. The bat hits you but does no damage.
The bat barely misses you. The bat completely misses you.
The bat hits you but does no damage. The bat misses you.
Sorry, you're not good enough to have a special ability.
Sorry, you're not good enough to have a special ability.
The bat closely misses you. The bat hits you but does no damage.
You closely miss the bat. The bat closely misses you.
The bat hits you but does no damage.
You closely miss the bat. The bat closely misses you. x2
You hit the bat but do no damage. You bite the bat, but do no damage.
The bat hits you but does no damage. The bat barely misses you.
The bat hits you but does no damage. The bat closely misses you.
You hit the bat.
You kill the bat!
Welcome back, mawlarkey the Gnoll Wanderer.
Press ? for a list of commands and other information.
Are you sure you want to abandon this character and quit the game? (Confirm with "yes".)

..# #.###......#####.## .#####
#.###.............#
.....####.##..............## #
##.#......#.............†..## #
........#...................#####
#...###.#.................#......
#...###.........................#
..#.............†...............#
.#.....^........@................
.#.........#..............>......
.#.................###...........
.#....................#........#.
.#.........................#...#.
.#......>...........⌠...⌠..#...#.
.#.........#.........###.........
##.........#.........'<#..##.....
##.........#.........###.........


There were no monsters in sight!

Vanquished Creatures
  A ball python (D:1)
  3 endoplasms (D:1)
  2 giant cockroaches (D:1)
  2 jackals (D:1)
  2 quokkas (D:1)
  A bat (D:1)
  A frilled lizard (D:1)
  A goblin (D:1)
  A rat (D:1)
14 creatures vanquished.

Notes
Turn   | Place    | Note
-------+----------+-------------------------------------------
     0 | D:1      | mawlarkey the Gnoll Wanderer began the quest for the Orb.
     0 | D:1      | mawlarkey set off with the following items: a +2 falchion,
                  | a +0 scale mail, a scroll of fog.
     0 | D:1      | Reached XP level 1. HP: 17/17 MP: 4/4
   219 | D:1      | Learned a level 1 spell: Shock
   274 | D:1      | Reached XP level 2. HP: 19/23 MP: 5/5
   449 | D:1      | Upgraded the game from 0.32-a0-433-g08bcfe7efd to
                  | 0.32-a0-450-g080537f31e
   477 | D:1      | Upgraded the game from 0.32-a0-450-g080537f31e to
                  | 0.32-a0-918-g0f22ef8d61
   477 | D:1      | Quit the game

Illustrated notes

Levels and vault maps discovered:
D:1:      scummos_arrival_simple_fountains, layout_rooms, serial_curves,
          eino_curves_03, eino_curves_02

Action                     || total
---------------------------++-------
  Melee: Falchion          ||    39
         Bite              ||     4
 Armour: Scale mail        ||    49
  Dodge: Dodged            ||    51

Table legend: (Time is in decaauts)
 A = Elapsed time spent in this place.
 B = Non-inter-level travel time spent in this place.
 C = Inter-level travel time spent in this place.
 D = Time resting spent in this place.
 E = Time spent auto-exploring this place.
 F = Levels seen in this place.
 G = Mean time per level.
                   A        B        C        D        E       F      G
               +--------+--------+--------+--------+--------+-----+--------+
         Total |    476 |    464 |     12 |      0 |      0 |   1 |  476.0 |
       Dungeon |    476 |    464 |     12 |      0 |      0 |   1 |  476.0 |
               +--------+--------+--------+--------+--------+-----+--------+

Top non-repeatable levels by time:
     D:1: 476 daAuts
